 Dungeon Crawl Stone Soup version 0.28-a0-804-g60983d4ba9 (webtiles) character file.

Game seed: 17531461145681003894

464 Megalobster the Cleaver (level 6, -4/51 HPs)
             Began as a Minotaur Berserker on Nov 7, 2021.
             Was a Priest of Trog.
             Shot with an arrow by a centaur (12 damage)
             ... on level 4 of the Dungeon.
             The game lasted 00:04:43 (3135 turns).

Megalobster the Cleaver (Minotaur Berserker)        Turns: 3135, Time: 00:04:44

Health: -4/51      AC:  3    Str: 24    XL:     6   Next: 80%
Magic:  5/5        EV: 12    Int:  4    God:    Trog [***...]
Gold:   146        SH:  0    Dex:  9    Spells: 5/5 levels left

rFire   . . .      SeeInvis .   a - +0 hand axe
rCold   . . .      Faith    .   (no shield)
rNeg    + . .      Spirit   .   b - +0 animal skin
rPois   .          Reflect  .   (helmet restricted)
rElec   .          Harm     .   m - +0 cloak
rCorr   +          Rampage  .   (no gloves)
Will    .....                   (no boots)
Stlth   +.........              (no amulet)
HPRegen 0.17/turn               k - ring of resist corrosion
MPRegen 0.09/turn               e - ring of positive energy

@: on berserk cooldown, slowed, very slow
A: horns 2, retaliatory headbutt
a: Renounce Religion, Berserk, Trog's Hand


You were on level 4 of the Dungeon.
You worshipped Trog.
Trog was most pleased with you.
You visited 1 branch of the dungeon, and saw 4 of its levels.

You collected 146 gold pieces.

Inventory:

Hand Weapons
 a - a +0 hand axe (weapon)
Missiles
 g - 82 stones (quivered)
Armour
 b - a +0 animal skin (worn)
 m - a +0 cloak (worn)
Jewellery
 d - a ring of willpower
 e - a ring of positive energy (right hand)
 k - a ring of resist corrosion (left hand)
Scrolls
 f - 2 scrolls of fear {unknown}
 h - a scroll of identify {unknown}
 j - a scroll of magic mapping {unknown}
 n - a scroll of enchant armour {unknown}
Potions
 c - 2 potions of cancellation {unknown}
 i - 2 potions of lignification {unknown}
 l - a potion of curing {unknown}
 o - 2 potions of resistance {unknown}


   Skills:
 - Level 3.6 Fighting
 * Level 9.3 Axes
 - Level 2.4 Armour
 - Level 2.1 Dodging


You had 5 spell levels left.
You didn't know any spells.
Your spell library was empty.

Dungeon Overview and Level Annotations

Branches:
Dungeon (4/15)
 Temple: D:4-7

Altars:


Innate Abilities, Weirdness & Mutations

You have a pair of horns on your head.
You reflexively headbutt those who attack you in melee.


Message History

You blink.
You take 6 damage, and have 53/76 hp.
You hit the phantom.
The phantom is severely damaged.
You closely miss the phantom. Your headbutt misses the phantom.
The phantom is severely damaged.
The phantom completely misses you.
You hit the phantom.
The phantom is almost destroyed.
You slash the phantom!
You destroy the phantom!
Trog accepts your kill.
Your Axes skill increases to level 9!
You feel a strong urge to attack something.
You are no longer berserk.
You are exhausted.
You feel yourself slow down.
A centaur comes into view.
There is a stone staircase leading down here.
You now have 36/51 hp.
The centaur wields a +1 shortbow of freezing.
It is covered in frost.
The centaur shoots an arrow.
The arrow misses you.
The centaur shoots an arrow.
The arrow hits you. The arrow freezes you.
You hear a shout!
You take 8 damage, and have 28/51 hp.
The centaur shoots an arrow.
The arrow hits you! The arrow freezes you.
* * * LOW HITPOINT WARNING * * *
The centaur shoots an arrow.
The arrow hits you.
* * * LOW HITPOINT WARNING * * *
The arrow freezes you.
* * * LOW HITPOINT WARNING * * *
Unknown command.
You take 20 damage, and have 8/51 hp.
MASSIVE DAMAGE!!
An orc comes into view. It is wielding a +0 club.
The centaur shoots an arrow.
The arrow barely misses you.
The centaur shoots an arrow.
The arrow barely misses you.
An orc comes into view. It is wielding a +0 dagger.
There is a stone staircase leading up here.
The centaur shoots an arrow.
The arrow hits you!
You die...

#.o.. #. ...#o .. ....
###.#.. #.
##c.#######.......
#..........#....#.....
#!.#.###....>#.....# #
#....##............#
#.#.#..##))@.....#..##
#.#.#..##........#.##
. :.................#
... #.#.............##
....#..............##
...?)....!.........#
...#..............#
................####
.........########


You could see a centaur and 2 orcs.

Vanquished Creatures
  A centaur (D:4)
  A phantom (D:4)
  A scorpion (D:4)
  A howler monkey (D:4)
  Terence (D:2)
  2 hound zombies (D:2)
  3 adders
  4 gnolls (D:3)
  An adder zombie (D:2)
  An adder skeleton (D:2)
  2 worms
  4 dart slugs
  7 endoplasms
  3 giant cockroaches
  5 goblins
  5 hobgoblins
  5 jackals
  8 kobolds
  3 quokkas
  5 ball pythons
  A ball python skeleton (D:2)
  2 bats
  3 frilled lizards
  A giant cockroach zombie (D:2)
  A quokka skeleton (D:2)
  4 rats
75 creatures vanquished.

Notes
Turn   | Place    | Note
-------+----------+-------------------------------------------
     0 | D:1      | Megalobster the Minotaur Berserker began the quest for the
                  | Orb.
     0 | D:1      | Reached XP level 1. HP: 19/19 MP: 0/0
    86 | D:1      | Reached skill level 4 in Axes
   225 | D:1      | Found a faded altar of an unknown god.
   350 | D:1      | Reached XP level 2. HP: 23/26 MP: 1/1
  1042 | D:1      | Reached skill level 5 in Axes
  1065 | D:1      | Reached ** piety under Trog
  1074 | D:1      | Reached XP level 3. HP: 31/31 MP: 2/2
  1312 | D:2      | Noticed Terence
  1320 | D:2      | Killed Terence
  1330 | D:2      | Reached skill level 6 in Axes
  1330 | D:2      | Reached XP level 4. HP: 20/39 MP: 3/3
  2236 | D:3      | Reached skill level 7 in Axes
  2236 | D:3      | Reached XP level 5. HP: 41/45 MP: 4/4
  2483 | D:3      | Reached *** piety under Trog
  3113 | D:4      | Noticed a phantom
  3119 | D:4      | Noticed a centaur
  3121 | D:4      | Reached skill level 8 in Axes
  3124 | D:4      | Killed a centaur
  3125 | D:4      | Reached XP level 6. HP: 51/51 MP: 5/5
  3130 | D:4      | Reached skill level 9 in Axes
  3135 | D:4      | Shot with an arrow by a centaur

Illustrated notes

Levels and vault maps discovered:
D:1:      amcnicky_arrival_underground_garden, layout_basic,
          basic_ecumenical_altar
D:2:      layout_basic, serial_undead, serial_undead_f, serial_undead_e,
          serial_undead_d, serial_undead_e, serial_park_tiny_1, uniq_terence
D:3:      layout_basic, chequers_hall_statues_corner_a
D:4:      layout_rooms, minmay_crystal_room, minmay_manual_mares, uniq_pikel

Skill      XL: |  1  2  3  4  5  6 |
---------------+-------------------+-----
Axes           | 4 5 6 7 8 9 |  9.3
Fighting       | |  3.6
Armour         | |  2.4
Dodging        | |  2.1

Action                   |  1- 3 |  4- 6 || total
-------------------------+-------+-------++-------
Melee: Hand axe          |    66 |    96 ||   162
       Headbutt          |     8 |    20 ||    28
Invok: Berserk           |     1 |     2 ||     3
 Stab: Sleeping          |     1 |       ||     1
Armor: Animal skin       |    10 |    10 ||    20
Dodge: Dodged            |    35 |    57 ||    92

Table legend: (Time is in decaauts)
 A = Elapsed time spent in this place.
 B = Non-inter-level travel time spent in this place.
 C = Inter-level travel time spent in this place.
 D = Time resting spent in this place.
 E = Time spent auto-exploring this place.
 F = Levels seen in this place.
 G = Mean time per level.
                   A        B        C        D        E       F      G
               +--------+--------+--------+--------+--------+-----+--------+
         Total |   3143 |   3055 |     88 |    997 |   1632 |   4 |  785.8 |
       Dungeon |   3143 |   3055 |     88 |    997 |   1632 |   4 |  785.8 |
               +--------+--------+--------+--------+--------+-----+--------+

Top non-repeatable levels by time:
     D:1: 1145 daAuts
     D:3: 988 daAuts
     D:2: 979 daAuts
     D:4: 30 daAuts
